 Dungeon Crawl Stone Soup version 0.27.0-1-g7a089689b8 (webtiles) character file.

Game seed: 1966800074863063213

65 MeepMiepMiep the Slasher (level 3, -7/34 HPs)
             Began as a Minotaur Berserker on Aug 17, 2021.
             Was a Follower of Trog.
             Mangled by Edmund (10 damage)
             ... on level 5 of the Dungeon.
             The game lasted 00:16:09 (982 turns).

MeepMiepMiep the Slasher (Minotaur Berserker)        Turns: 982, Time: 00:16:10

Health: -7/34      AC:  2    Str: 22    XL:     3   Next: 94%
Magic:  2/2        EV: 12    Int:  4    God:    Trog [*.....]
Gold:   34         SH:  0    Dex:  9    Spells: 2/2 levels left

rFire    . . .     SeeInvis .   a - +0 falchion
rCold    . . .     Faith    .   (no shield)
rNeg     . . .     Spirit   .   b - +0 animal skin
rPois    .         Reflect  .   (helmet restricted)
rElec    .         Harm     .   (no cloak)
rCorr    .         Rampage  .   (no gloves)
Will     .....                  (no boots)
Stlth    +.........             (no amulet)
HPRegen  0.11/turn              (no ring)
MPRegen  0.08/turn              (no ring)

@: no status effects
A: horns 2, retaliatory headbutt
a: Renounce Religion, Berserk


You were on level 5 of the Dungeon.
You worshipped Trog.
Trog was aware of your devotion.
You visited 1 branch of the dungeon, and saw 5 of its levels.

You collected 34 gold pieces.

Inventory:

Hand Weapons
 a - a +0 falchion (weapon)
 c - a +0 dagger
 e - a +0 whip
 g - a +0 dagger
 j - a +0 club
Missiles
 h - 34 stones (quivered)
Armour
 b - a +0 animal skin (worn)
 f - +0 fire dragon scales
 m - a +0 leather armour
 n - a +0 scale mail
Scrolls
 d - a scroll of amnesia {unknown}
 i - a scroll of teleportation {unknown}
 l - a scroll of summoning {unknown}
Potions
 k - a potion of curing {unknown}


   Skills:
 + Level 4.5 Fighting
 + Level 4.7 Long Blades
 + Level 2.6 Armour
 + Level 2.6 Dodging
 + Level 0.2 Stealth


You had 2 spell levels left.
You didn't know any spells.
Your spell library was empty.

Dungeon Overview and Level Annotations

Branches:
Dungeon (5/15)
 Temple: D:4-7

Altars:

Annotations:
D:5 Edmund


Innate Abilities, Weirdness & Mutations

You have a pair of horns on your head.
You reflexively headbutt those who attack you in melee.


Message History

You now have 34 gold pieces (gained 4).
There is a stone staircase leading down here.
You climb downwards.
Found a leather armour and a scale mail.
There is a stone staircase leading up here.
Found a stone staircase leading down.
A shadow imp comes into view.
The shadow imp shouts!
You see here a +0 leather armour.
m - a +0 leather armour You hit the shadow imp but do no damage.
The shadow imp hits you.
You barely miss the shadow imp. The shadow imp hits you.
You hit the shadow imp. You headbutt the shadow imp.
The shadow imp is almost dead.
The shadow imp gestures at you. Pain shoots through your body!
You barely miss the shadow imp. Your headbutt misses the shadow imp.
The shadow imp is almost dead.
The shadow imp barely misses you. You furiously retaliate!
You headbutt the shadow imp, but do no damage.
You riposte.
You barely miss the shadow imp.
The shadow imp is almost dead.
You hit the shadow imp.
You kill the shadow imp!
Trog accepts your kill.
You see here a +0 scale mail.
n - a +0 scale mail Edmund the Younger comes into view.
He is wielding a +2 dire flail of pain.
Edmund shouts!
Found 12 gold pieces.
Edmund barely misses you.
You riposte.
You barely miss Edmund. You hit Edmund but do no damage.
Edmund hits you with a +2 dire flail of pain!
* * * LOW HITPOINT WARNING * * *
You writhe in agony.
* * * LOW HITPOINT WARNING * * *
You barely miss Edmund.
Edmund hits you with a +2 dire flail of pain!
You die...

#.................
#.................
#.................
#.................
#.................
#.................
#.................
#.............$...
#<......@@........
#.................
#.................
#.................
#.................
#.................
#..........#######
#..........#
#.>........#


You could see Edmund.

Vanquished Creatures
  A hound (D:4)
  A shadow imp (D:5)
  A dart slug (D:4)
  A ball python (D:1)
  4 bats (D:1)
  3 endoplasms (D:1)
  2 goblins
  2 hobgoblins (D:1)
  3 jackals (D:1)
  A quokka (D:1)
  A frilled lizard (D:1)
  3 rats (D:1)
23 creatures vanquished.

Vanquished Creatures (others)
  2 plants (D:1)
2 creatures vanquished.

Grand Total: 25 creatures vanquished

Notes
Turn   | Place    | Note
-------+----------+-------------------------------------------
     0 | D:1      | MeepMiepMiep the Minotaur Berserker began the quest for the
                  | Orb.
     0 | D:1      | Reached XP level 1. HP: 19/19 MP: 0/0
   249 | D:1      | Reached XP level 2. HP: 10/27 MP: 1/1
   348 | D:1      | Found Xukhliep's Antique Armour Boutique.
   913 | D:4      | Reached XP level 3. HP: 27/34 MP: 2/2
   951 | D:5      | Entered Level 5 of the Dungeon
   975 | D:5      | Noticed Edmund
   982 | D:5      | Mangled by Edmund

Illustrated notes

Levels and vault maps discovered:
D:1:      tarquinn_simple_flora_water_b, layout_loops_cross, serial_shops, shop,
          palyth_stone_intersect, st_stairs_7, minmay_misc_feat_tiny
D:2:      layout_basic, serial_shops, nicolae_lakefront_shop
D:3:      layout_basic, lemuel_tele_altar, dilly_ecumenical_altar_fadedgnrine,
          serial_corexii_hall, chequers_hall_statues_y,
          chequers_hall_statues_wall_a
D:4:      layout_loops_ring, trog_book, okawaru_metal_pillars_3
D:5:      layout_gridville, general_overflow_altar, temple_doors_ab,
          gammafunk_ghost_grave, mrwooster_statue_mirror, uniq_eustachio,
          uniq_sigmund, uniq_edmund

Skill      XL: |  1  2 |
---------------+-------+-----
Fighting       | 4 |  4.5
Long Blades    | 4 |  4.7
Armour         | |  2.6
Dodging        | |  2.6
Stealth        | |  0.2

Action                   || total
-------------------------++-------
Melee: Falchion          ||    64
       Headbutt          ||    10
Invok: Berserk           ||     1
 Stab: Sleeping          ||     1
Armor: Animal skin       ||    19
Dodge: Dodged            ||    34
       Rpst.: Falchion   ||    16
